 Dungeon Crawl Stone Soup version 0.13-a0-2700-g8dc4729 (webtiles) character file.

13032 Rycklaryybbe the Unseen (level 11, -4/47 HPs)
             Began as a Spriggan Enchanter on Aug 16, 2013.
             Was a Follower of Ashenzari.
             Slain by a cyclops simulacrum (21 damage)
             ... led by Josephine
             ... on Level 11 of the Dungeon.
             The game lasted 00:36:34 (12911 turns).

Rycklaryybbe the Unseen (Spriggan Enchanter)       Turns: 12911, Time: 00:37:04

HP  -4/47        AC  5     Str 11      XL: 11   Next: 58%
MP  31/31        EV 22     Int 17      God: Ashenzari [*.....]
Gold 892         SH  0     Dex 16 (17) Spells:  5 memorised, 13 levels left

Res.Fire  : . . .   See Invis. : +   a - +2 dagger (curse) {=f}
Res.Cold  : . . .   Warding    : .   b - +2 robe
Life Prot.: . . .   Conserve   : .   (shield restricted)
Res.Poison: .       Res.Corr.  : .   (helmet restricted)
Res.Elec. : .       Clarity    : .   R - +0 cloak
Sust.Abil.: . .     Spirit.Shd : .   (gloves unavailable)
Res.Mut.  : .       Stasis     : .   (boots unavailable)
Res.Rott. : .       Flight     : .   (no amulet)
Saprovore : . . .                    E - +4 ring of strength
                                     O - ring of sustenance

@: very slightly contaminated, very quick, quite resistant to hostile
enchantments, extraordinarily stealthy
A: unfitting armour, see invisible, herbivore 3, speed 3, slow metabolism 2
a: Renounce Religion


You were on level 11 of the Dungeon.
You worshipped Ashenzari.
Ashenzari was pleased with you.
You were not hungry.

You visited 2 branches of the dungeon, and saw 12 of its levels.

You collected 872 gold pieces.

Inventory:

Hand weapons
 a - a cursed +2,+2 dagger (weapon) {=f}
 s - a -1,+1 orcish hand axe
 B - a +2,+1 demon blade of draining
 I - a +0,+0 vampiric sabre
 J - a +1,+0 short sword of venom
Missiles
 d - 10 darts of frost
 l - 8 darts (quivered)
 A - 2 steel darts
 G - a throwing net
Armour
 b - a +2 robe (worn)
 R - a +0 cloak (worn)
Magical devices
 h - a wand of draining (3)
 o - a wand of paralysis (17) {unknown}
 x - a wand of frost (0)
 H - a wand of random effects (5)
 L - a wand of digging (1) {unknown}
 N - a wand of disintegration (8)
Comestibles
 j - 2 apples
 w - 7 bread rations
 M - a lemon
 T - a pear
Scrolls
 g - 3 scrolls of fog
 k - a scroll of recharging
 m - 2 scrolls of random uselessness {unknown}
 p - 2 scrolls of identify
 q - 3 scrolls of teleportation {unknown}
 r - 2 scrolls of blinking {unknown}
 t - 4 scrolls of remove curse
 u - a scroll of amnesia
 y - a scroll of enchant weapon II
 D - a scroll of fear {unknown}
 F - 2 scrolls of curse jewellery
 K - 2 scrolls of enchant armour
 Q - a scroll of vorpalise weapon {unknown}
 S - a scroll of curse armour
Jewellery
 E - a +4 ring of strength (right hand)
 O - a ring of sustenance (left hand)
 U - an uncursed ring of magical power
Potions
 e - 3 potions of agility {unknown}
 f - 6 potions of curing {unknown}
 i - 3 potions of restore abilities {unknown}
 n - 3 potions of magic {unknown}
 v - 2 potions of flight {unknown}
 z - a potion of resistance {unknown}
 C - 2 potions of degeneration {unknown}
 P - a potion of porridge
Books
 c - a book of Maledictions

   Spells                             Type                      Level
   *Corona                            Hexes                        1
   Sure Blade                         Hexes/Charms                 2
   *Ensorcelled Hibernation           Hexes/Ice                    2
   *Confuse                           Hexes                        3
   *Enslavement                       Hexes                        4
   *Invisibility                      Hexes                        6
 V - a book of Wizardry

   Spells                             Type                      Level
   Summon Elemental                   Summoning                    4
   Agony                              Necromancy                   5
   Force Lance                        Conjuration                  5
   Fireball                           Conjuration/Fire             5
   Haste                              Charms                       6
   *Invisibility                      Hexes                        6


   Skills:
 + Level 5.1 Short Blades
 - Level 1.1 Throwing
 + Level 7.1 Dodging
 + Level 15.1 Stealth
 - Level 9.6 Spellcasting
 - Level 14.5 Hexes


You had 13 spell levels left.
You knew the following spells:

 Your Spells              Type           Power        Failure   Level  Hunger
a - Corona                Hex            ######.      1%          1    None
b - Ensorcelled Hibernat  Hex/Ice        ####..       1%          2    None
c - Confuse               Hex            ######..     1%          3    None
d - Enslavement           Hex            ######..     1%          4    ###....
e - Invisibility          Hex            ######..     4%          6    ######.


Dungeon Overview and Level Annotations

Branches:
Dungeon (11/27)            Temple (1/1) D:5
    Orc: D:6-11        Lair: D:8-13

Altars:
Ashenzari
Cheibriados
Elyvilon
Fedhas
Kikubaaqudgha
Makhleb
Nemelex Xobeh
Okawaru
Sif Muna
Trog
Vehumet
Xom
Yredelemnul
Zin
the Shining One

Portals:
Trove: D:10 (give +5,+4 demon trident)

Annotations
D:6 exclusion: door


Innate Abilities, Weirdness & Mutations

You are tiny and cannot use many weapons and most armour.
You have supernaturally acute eyesight.
You are a herbivore.
You cover ground extremely quickly.
You need consume almost no food.


Message History

Things that are here:
an ugly thing corpse; 7 gold pieces You see here a scroll of amnesia.
The helpless hippogriff fails to defend itself.
You slice the hippogriff like a ripe choko!!!!
You kill the hippogriff!
You flicker back into view.
t - 4 scrolls of remove curse (gained 1)
You now have 871 gold pieces (gained 12).
You now have 892 gold pieces (gained 21).
You see here an uncursed giant club.
f - 6 blue potions (gained 1)
The helpless yak skeleton fails to defend itself.
You stick the yak skeleton like a pincushion!!!!
You destroy the yak skeleton!
The cyclops simulacrum hits you!
Ouch! That really hurt!
The cyclops simulacrum freezes you!
One of your 4 bubbling blue potions freezes and shatters!
You die...

#....#. {..#.. .....
+....#.###.#.###....
#...#..%..#........
#......#.....#.....
#..###.#.###.#...#.
#......#.....#...#.
#...#..)..#........
#...#.###[#%###..#.
#.@.#..$..#.?...%..
#..Z...#..%..#...##
#+####+######..###.#.###.#....#
........<......)...#..$..#....#
.........%............#.......#
................)###.#.###...#
..............#).....#. ....#
..............#........ ....#
.............#..o..### ...


You could see a cyclops simulacrum.

Vanquished Creatures
  Josephine (D:11)
  A hill giant (D:11)
  2 trolls
  2 two-headed ogres
  A trapdoor spider zombie (D:10)
  A basilisk (D:11)
  A yak (D:11)
  An ugly thing (D:11)
  Eustachio (D:7)
  4 manticores
  2 hippogriffs (D:11)
  A merfolk (D:7)
  2 hungry ghosts
  A hill giant skeleton (D:8)
  A sky beast (D:10)
  3 orc warriors
  2 giant goldfish (D:6)
  6 ogres
  2 ice beasts
  4 phantoms
  2 centaurs
  Sigmund (D:5)
  A big kobold (D:10)
  A crocodile (D:8)
  2 water moccasins
  3 giant frogs
  A wyvern skeleton (D:11)
  3 jellyfish (D:6)
  2 jellies
  4 wights (D:10)
  A yak skeleton (D:11)
  10 crimson imps
  2 goliath beetles
  2 quasits
  6 hounds
  2 orc priests
  A centaur skeleton (D:7)
  5 big fish
  9 worker ants
  5 iguanas
  3 orc wizards
  2 scorpions
  Ijyb (D:7)
  A hound zombie (D:3)
  A hound skeleton (D:11)
  Terence (D:2)
  8 adders
  A lemure (D:7)
  13 worms
  A giant mite (D:6)
  A goliath beetle zombie (D:9)
  A worker ant simulacrum (D:11)
  A grey rat (D:1)
  4 giant geckos
  An iguana simulacrum (D:11)
  An ooze (D:1)
  9 orcs
  14 bats
  3 giant cockroaches
  15 hobgoblins
  12 jackals
  17 kobolds
  5 quokkas
  A ball python (D:6)
  5 giant newts
  A giant spore (D:10)
  A gnoll skeleton (D:7)
  6 goblins
  A hobgoblin zombie (D:6)
  28 rats
  A rat skeleton (D:7)
262 creatures vanquished.

Vanquished Creatures (collateral kills)
  An orc priest (D:10)
  An orc wizard (D:10)
  An orc (D:10)
3 creatures vanquished.

Vanquished Creatures (others)
  A hound (D:10)
  A rat (D:2)
2 creatures vanquished.

Grand Total: 267 creatures vanquished

Notes
Turn   | Place    | Note
--------------------------------------------------------------
     0 | D:1      | Rycklaryybbe, the Spriggan Enchanter, began the quest for the Orb.
     0 | D:1      | Reached XP level 1. HP: 9/9 MP: 4/4
   265 | D:1      | Reached skill level 4 in Stealth
   456 | D:1      | Reached XP level 2. HP: 13/13 MP: 6/6
   472 | D:1      | Learned a level 2 spell: Ensorcelled Hibernation
   758 | D:1      | Reached skill level 5 in Stealth
  1122 | D:2      | Reached XP level 3. HP: 16/16 MP: 9/9
  1184 | D:2      | Noticed Terence
  1465 | D:3      | Reached skill level 6 in Stealth
  1535 | D:3      | Reached XP level 4. HP: 15/21 MP: 1/12
  2181 | D:2      | Killed Terence
  2433 | D:2      | Reached skill level 7 in Stealth
  2543 | D:3      | Reached XP level 5. HP: 24/24 MP: 16/16
  3652 | D:4      | Noticed an ogre
  3660 | D:4      | Killed an ogre
  3660 | D:4      | Reached skill level 8 in Stealth
  3660 | D:4      | Reached XP level 6. HP: 28/28 MP: 16/19
  3756 | D:4      | Noticed an ogre
  3791 | D:4      | Killed an ogre
  3791 | D:4      | Reached skill level 5 in Spellcasting
  4288 | D:4      | Reached skill level 9 in Stealth
  4293 | D:4      | Learned a level 3 spell: Confuse
  4340 | D:5      | Entered Level 5 of the Dungeon
  4489 | D:5      | Reached XP level 7. HP: 30/32 MP: 1/22
  4759 | D:5      | Noticed Sigmund
  4897 | D:5      | Found a staircase to the Ecumenical Temple.
  5092 | Temple   | Entered the Ecumenical Temple
  5230 | Temple   | Became a worshipper of Ashenzari the Shackled
  5283 | D:5      | Killed Sigmund
  5283 | D:5      | Reached skill level 5 in Hexes
  5603 | D:6      | Reached skill level 10 in Stealth
  6298 | D:6      | Reached XP level 8. HP: 11/36 MP: 7/24
  6575 | D:6      | Learned a level 4 spell: Enslavement
  6666 | D:6      | Reached skill level 11 in Stealth
  7421 | D:7      | Noticed Ijyb
  7443 | D:7      | Killed Ijyb
  7811 | D:7      | Found a blossoming altar of Fedhas.
  7938 | D:7      | Noticed Eustachio
  8096 | D:7      | Reached skill level 12 in Stealth
  8275 | D:7      | Killed Eustachio
  8275 | D:7      | Reached XP level 9. HP: 32/39 MP: 11/27
  9213 | D:8      | Reached skill level 13 in Stealth
 10104 | D:9      | Found a sparkling altar of Nemelex Xobeh.
 10104 | D:9      | Found a deep blue altar of Sif Muna.
 10104 | D:9      | Found a glowing golden altar of the Shining One.
 10143 | D:9      | Learned a level 6 spell: Invisibility
 10486 | D:9      | Reached skill level 14 in Hexes
 10486 | D:9      | Reached XP level 10. HP: 44/44 MP: 30/30
 10667 | D:9      | Reached XP level 11. HP: 47/47 MP: 29/31
 11138 | D:10     | Entered Level 10 of the Dungeon
 11208 | D:10     | Found a portal to a secret trove of treasure.
 12813 | D:11     | Noticed Josephine
 12814 | D:11     | Reached skill level 5 in Dodging
 12824 | D:11     | Killed Josephine
 12846 | D:11     | Noticed a hill giant
 12848 | D:11     | Killed a hill giant
 12868 | D:11     | Reached skill level 15 in Stealth
 12882 | D:11     | Reached skill level 5 in Short Blades
 12911 | D:11     | Slain by a cyclops simulacrum

Action                   |  1- 3 |  4- 6 |  7- 9 | 10-12 || total
-------------------------+-------+-------+-------+-------++-------
Melee: Dagger            |   107 |   157 |   290 |   128 ||   682
Throw: Dart              |    14 |    18 |       |     1 ||    33
       Hand axe          |     1 |     1 |       |       ||     2
 Cast: Corona            |     4 |     1 |     2 |       ||     7
       Ensorcelled Hiber |    12 |    39 |   156 |    23 ||   230
       Confuse           |       |     1 |    38 |    16 ||    55
       Invisibility      |       |       |       |     2 ||     2
       Enslavement       |       |       |       |     1 ||     1
Evoke: Wand              |       |       |    25 |     7 ||    32
  Use: Potion            |       |     1 |     2 |     1 ||     4
       Scroll            |       |       |     7 |     5 ||    12
 Stab: Sleeping          |    12 |    23 |    89 |    41 ||   165
       Distracted        |     1 |       |       |     1 ||     2
       Confused          |       |       |    15 |     9 ||    24
       Invisible         |       |       |       |     3 ||     3
